 Dungeon Crawl Stone Soup version 0.23.2-33-g5129a83184 (webtiles) character file.

Game seed: 5662596399383160480

51 Atelerd the Magician (level 3, -1/21 HPs)
             Began as an Octopode Wizard on July 12, 2019.
             Slain by a goblin (6 damage)
             ... led by Robin
             ... on level 2 of the Dungeon.
             The game lasted 00:02:01 (2086 turns).

Atelerd the Magician (Octopode Wizard)              Turns: 2086, Time: 00:02:01

Health: -1/21      AC: -2    Str:  6    XL:     3   Next: 83%
Magic:  4/7        EV: 13    Int: 21    God:
Gold:   78         SH:  0    Dex: 10    Spells: 2/8 levels left

rFire    . . .     SeeInvis .   b - +0 short sword
rCold    . . .     Gourm    .   (no shield)
rNeg     . . .     Faith    .   a - +0 hat
rPois    .         Spirit   .   (no amulet)
rElec    .         Reflect  .   f - -3 ring of protection (curse)
rCorr    .         Harm     .   (no ring)
MR       .....                  (no ring)
Stlth    +++.......             (no ring)
HPRegen  0.07/turn              (no ring)
MPRegen  0.10/turn              (no ring)
                                (no ring)
                                (no ring)

@: no status effects
A: almost no armour, stealthy swim, amphibious, 8 rings, constrict 8, camouflage
1, gelatinous body 1
a: no special abilities


You were on level 2 of the Dungeon.
You were not hungry.

You visited 1 branch of the dungeon, and saw 2 of its levels.

You collected 78 gold pieces.

Inventory:

Hand Weapons
 b - a +0 short sword (weapon)
Armour
 a - a +0 hat (worn)
Jewellery
 f - a cursed -3 ring of protection (left tentacle)
Scrolls
 d - 2 scrolls of identify
Potions
 e - a potion of berserk rage {unknown}
 g - a potion of lignification {unknown}
 h - a potion of might
Comestibles
 c - 2 rations


   Skills:
 - Level 2.0 Dodging
 - Level 2.6 Stealth
 + Level 3.4 Spellcasting
 * Level 3.0 Conjurations
   Level 1.0 Summonings
 - Level 1.0 Translocations


You had 2 spell levels left.
You knew the following spells:

 Your Spells              Type           Power        Failure   Level  Hunger
a - Magic Dart            Conj           ###.         3%          1    None
b - Mephitic Cloud        Conj/Pois/Air  #.......     26%         3    ###....
c - Blink                 Tloc           N/A          13%         2    ##.....

Your spell library contained the following spells:

 Spells                   Type           Power        Failure   Level  Hunger
 Call Imp                 Summ           #.......     13%         2    ##.....
 Slow                     Hex            #.......     19%         2    ##.....
 Conjure Flame            Conj/Fire      #.......     21%         3    ###....


Dungeon Overview and Level Annotations

Branches:
Dungeon (2/15)

Altars:

Annotations:
D:2 Robin


Innate Abilities, Weirdness & Mutations

You cannot wear most types of armour.
You are very stealthy in the water. (Stealth+)
You are amphibious.
You can wear up to eight rings at the same time.
You can use your tentacles to constrict eight enemies at once.
Your skin changes colour to match your surroundings (Stealth+).
Your rubbery body absorbs attacks. (AC +1, EV +1)


Message History

The stone barely misses the goblin.
The stone hits the goblin.
The goblin dies!
The goblin is engulfed in noxious fumes.
The goblin appears confused.
The goblin is engulfed in noxious fumes.
The goblin appears confused.
You kill the goblin!
Unknown command.
The goblin unwields a +0 hunting sling.
The goblin wields a +0 club.
The goblin hits you with a +0 club.
A goblin comes into view. It is wielding a +0 club.
You barely miss the goblin. Your grab misses the goblin.
The goblin barely misses you. The goblin hits you with a +0 club!
* * * LOW HITPOINT WARNING * * *
Unknown command.
You closely miss the goblin. You grab the goblin. You squeeze the goblin.
You kill the goblin!
Your Conjurations skill increases to level 3!
The goblin hits you.
You die...

#### #.# ..# #.# #.#
#.# ...###<#######.#
...............########
..####.................
##..........######
#.##.#####)# #.##.# #@#
#.##.# #g# #.##.# #.#
#.##.# #g# #. #.# >.g
#..


gg. ### #.g.# ##.## ..# You could see Robin, 3 hobgoblins and 2 goblins.

Vanquished Creatures
  2 oozes (D:1)
  2 dart slugs (D:1)
  A leopard gecko (D:1)
  A giant cockroach (D:1)
  7 goblins
  2 hobgoblins (D:1)
  2 ball pythons (D:1)
  4 bats (D:1)
  2 frilled lizards (D:1)
  10 kobolds (D:1)
  4 rats (D:1)
37 creatures vanquished.

Vanquished Creatures (others)
  A goblin (D:2)
1 creature vanquished.

Grand Total: 38 creatures vanquished

Notes
Turn   | Place    | Note
-------+----------+-------------------------------------------
     0 | D:1      | Atelerd the Octopode Wizard began the quest for the Orb.
     0 | D:1      | Reached XP level 1. HP: 11/11 MP: 4/4
   519 | D:1      | Reached XP level 2. HP: 3/17 MP: 0/6
  1426 | D:1      | Reached XP level 3. HP: 21/21 MP: 4/7
  1432 | D:1      | Learned a level 3 spell: Mephitic Cloud
  1435 | D:1      | Learned a level 2 spell: Blink
  2080 | D:2      | Noticed Robin
  2086 | D:2      | Slain by a goblin

Skill      XL: |  1  2  3 |
---------------+----------+-----
Conjurations   | 2 3 |  3.0
Dodging        | |  2.0
Stealth        | |  2.6
Spellcasting   | |  3.4
Summonings     | |  1.0
Translocations | |  1.0

Action                   || total
-------------------------++-------
Melee: Unarmed           ||    15
       Constrict         ||    16
       Tentacles         ||     4
       Short sword       ||    47
 Cast: Magic Dart        ||    39
       Mephitic Cloud    ||     1
  Use: Scroll            ||     1
 Stab: Sleeping          ||     5
  Eat: Chunk             ||     4
Armor: Skin              ||     9
Dodge: Dodged            ||    55
